cohdb
Replays
Latest Replays
All Replays
Popular Replays
Top Player Replays
Match Explorer
How It Works
Community
CoH3 Stats
Reddit
Sign in to upload your games and track your stats! →
Sign in with Steam
Match 42184508
Unlisted
Match 42184508
Overview
Messages
Build Orders
End
Construct Infanterie Kompanie
Selects Terror Battlegroup
Selects Terror Battlegroup
Selects Machine Gun Camouflage
MG 42 Machine Gun Team
MG 42 Machine Gun Team
GrW 34 Mortar Team
MG 42 Machine Gun Team
Construct Panzergrenadier Kompanie
Pak 40 Anti-tank Gun Team
251 Medium Carrier
Panzergrenadier Squad
Medical Station
Panzergrenadier Squad
Construct Panzer Kompanie
Panzergrenadier Squad
Selects Interrogate
Selects Propaganda Leaflet Drop
Selects V1 Rocket Strike
King Raptor
Carnage
Lothbrok
Stefan
STALKER4732
jawdar.al.maghreb
BERKSHIRE10
HolyMolyEmpire
0
0
Comments
sign in to comment!
No comments posted yet!